 Dungeon Crawl Stone Soup version 0.27-a0-1612-gde56a17b89 (webtiles) character file.

Game seed: 2707496227965522933

195573 hilljack the Blinker (level 18, -2/141 (148) HPs)
             Began as a Gargoyle Earth Elementalist on July 19, 2021.
             Was the Champion of Ru.
             Slain by Asterion (10 damage)
             ... on level 1 of the Spider Nest on July 22, 2021.
             The game lasted 02:50:09 (68719 turns).

hilljack the Blinker (Gargoyle Earth Elementalist) Turns: 68719, Time: 02:50:10

HP:   -2/141 (148)  AC: 35    Str: 18    XL:     18   Next: 79%
MP:   43/43         EV:  5    Int: 28    God:    Ru [******]
Gold: 1871          SH:  8    Dex: 12    Spells: 7/41 levels left

rFire    . . .     SeeInvis .   L - +5 war axe of Yriocril {drain, rC+ rN+ Str+4}
rCold    + + .     Faith    .   Q - +1 buckler "Plog" {Slay+2}
rNeg     + + .     Spirit   .   X - +8 ring mail "Jofiaqojee" {Int+2}
rPois    ∞         Reflect  .   e - +0 helmet
rElec    +         Harm     .   y - +0 cloak
rCorr    .         Rampage  .   B - +0 pair of gloves
Will     +....                  D - +0 pair of boots
Stlth    ..........             (no amulet)
HPRegen  0.33/turn              d - ring of Coylaugg {rC+ MP+9}
MPRegen  0.28/turn              i - +6 ring of intelligence

@: berserking (expiring), flying, drained, very quick
A: sickness immunity, AC +13, big wings, frail 1, negative energy resistance 1,
electricity resistance, torment resistance 1, petrification resistance, no
stealth, hated by all, inability to train dodging, reduced EV 1, deterioration 1
a: Renounce Religion, Draw Out Power, Power Leap, Apocalypse


You were on level 1 of the Spider Nest.
You worshipped Ru.
Ru was exalted by your worship.
You visited 7 branches of the dungeon, and saw 31 of its levels.
You also visited: Bailey and Ice Cave.

You collected 4402 gold pieces.
You spent 2531 gold pieces at shops.

Inventory:

Hand Weapons
 C - a +3 whip of electrocution
 L - the +5 war axe of Yriocril (weapon) {drain, rC+ rN+ Str+4}
   (You found it on level 2 of the Spider Nest)

   A truly terrible weapon, it drains the life of any living foe it strikes.
   Str:       It affects your strength (+4).
   rC:        It protects you from cold.
   rN:        It protects you from negative energy.
Missiles
 f - 589 stones
Armour
 e - a +0 helmet (worn)
 y - a +0 cloak (worn)
 B - a +0 pair of gloves (worn)
 D - a +0 pair of boots (worn)
 Q - the +1 buckler "Plog" (worn) {Slay+2}
   (You found it on level 15 of the Dungeon)

   Slay:      It affects your accuracy & damage with ranged weapons and melee
   (+2).
 X - the +8 ring mail "Jofiaqojee" (worn) {Int+2}
   (You found it on level 4 of the Swamp)

   Int:       It affects your intelligence (+2).
Jewellery
 d - the ring of Coylaugg (left hand) {rC+ MP+9}
   (You acquired it on level 13 of the Dungeon)

   [ring of magical power]

   rC:        It protects you from cold.
   MP:        It affects your magic capacity (+9).
 i - a +6 ring of intelligence (right hand)
 r - a ring of protection from cold
 t - a ring of see invisible
 v - a ring of protection from fire
 z - a ring of willpower
 M - a ring of positive energy
Wands
 h - a wand of polymorph (13)
 w - a wand of flame (151)
 x - a wand of iceblast (34)
 O - a wand of mindburst (9)
 P - a wand of acid (11)
 S - a wand of paralysis (18)
 U - a wand of digging (2)
Scrolls
 a - 3 scrolls of enchant weapon
 c - 3 scrolls of torment
 g - 5 scrolls of immolation
 n - 3 scrolls of fear
 o - 7 scrolls of teleportation
 s - 6 scrolls of enchant armour
 u - 3 scrolls of fog
 A - 2 scrolls of blinking
 I - a scroll of holy word
 J - 4 scrolls of identify
 N - 5 scrolls of magic mapping
Potions
 b - 3 potions of brilliance
 j - a potion of resistance
 k - 7 potions of curing
 l - 3 potions of berserk rage
 m - 4 potions of cancellation
 p - 3 potions of mutation
 q - 3 potions of might
 F - 3 potions of magic
 K - 2 potions of attraction
 R - 4 potions of heal wounds
 T - 4 potions of haste
 V - a potion of ambrosia
Miscellaneous
 H - a condenser vane


   Skills:
 + Level 11.1 Fighting
 + Level 10.0 Maces & Flails
 + Level 11.1 Armour
 - Level 15.0 Shields
 - Level 12.0 Spellcasting
 - Level 12.0 Conjurations
 + Level 16.0 Translocations
 - Level 5.0 Transmutations
 - Level 12.0 Earth Magic


You had 7 spell levels left.
You knew the following spells:

 Your Spells              Type           Power      Damage    Failure   Level
a - Sandblast             Erth           100%       2d20      1%          1
b - Passwall              Tmut/Erth      49%        N/A       1%          2
c - Stone Arrow           Conj/Erth      100%       3d13      1%          3
d - Petrify               Tmut/Erth      59%        N/A       1%          4
e - Leda's Liquefaction   Hex/Erth       25%        N/A       4%          4
f - Lee's Rapid Deconstr  Erth           35%        3d19*     1%          5
g - Disjunction           Tloc           41%        N/A       41%         8
h - Bolt of Magma         Conj/Fire/Erth 28%        4d13      5%          5
i - Blink                 Tloc           N/A        N/A       0%          2

Your spell library contained the following spells:

 Spells                   Type           Power      Damage    Failure   Level
 Foxfire                  Conj/Fire      100%       2x1d9     1%          1
 Sting                    Tmut/Pois      100%       1d8       1%          1
 Conjure Flame            Conj/Fire      50%        6-21      1%          3
 Portal Projectile        Hex/Tloc       100%       N/A       1%          3
 Iskenderun's Mystic Bla  Conj/Tloc      77%        2d15      1%          4
 Manifold Assault         Tloc           82%        N/A       1%          5
 Dispersal                Tloc           41%        N/A       1%          6
 Mephitic Cloud           Conj/Pois/Air  39%        N/A       3%          3
 Corona                   Hex            17%        N/A       4%          1
 Fulminant Prism          Conj/Hex       25%        3d14      4%          4
 Iron Shot                Conj/Erth      35%        9d7       5%          6
 Ensorcelled Hibernation  Hex/Ice        32%        N/A       8%          2
 Poisonous Vapours        Pois/Air       32%        N/A       8%          2
 Ignite Poison            Fire/Tmut/Pois 26%        N/A       8%          3
 Inner Flame              Hex/Fire       16%        N/A       16%         3
 Swiftness                Air            16%        N/A       16%         3
 Blade Hands              Tmut           22%        N/A       19%         5
 Olgreb's Toxic Radiance  Pois           16%        N/A       45%         4
 Metabolic Englaciation   Hex/Ice        8%         N/A       80%         5
 Invisibility             Hex            8%         N/A       100%        6
 Ozocubu's Refrigeration  Ice            8%         4d6       100%        7
 Storm Form               Tmut/Air       15%        N/A       100%        7
 Ignition                 Fire           8%         3d5       100%        8
 Maxwell's Capacitive Co  Air            8%         ∞         100%        8
 Summon Small Mammal      Summ           Unusable   N/A       N/A         1
 Animate Armour           Summ/Erth      Unusable   N/A       N/A         4
 Call Canine Familiar     Summ           Unusable   N/A       N/A         3
 Summon Guardian Golem    Hex/Summ       Unusable   N/A       N/A         3
 Tukima's Dance           Hex            Unusable   N/A       N/A         3
 Statue Form              Tmut/Erth      Unusable   N/A       N/A         6
 Summon Lightning Spire   Summ/Air       Unusable   N/A       N/A         4

Dungeon Overview and Level Annotations

Branches:
Dungeon (15/15)            Temple (1/1) D:6            Lair (6/6) D:10
  Swamp (4/4) Lair:3       Spider (2/4) Lair:3        Slime (0/5) Lair:5
    Orc (2/2) D:10            Elf (1/3) Orc:2        Vaults (0/5) D:13
 Depths (0/5) D:15         Bailey (visited)           IceCv (visited)

Altars:
Ashenzari
Cheibriados
Dithmenos
Elyvilon
Fedhas
Gozag
Hepliaklqana
Kikubaaqudgha
Makhleb
Nemelex Xobeh
Okawaru
Qazlal
Ru
Sif Muna
Trog
Uskayaw
Vehumet
Wu Jian
Xom
Yredelemnul
Zin
The Shining One
Jiyva

Shops:
D:6 *!   D:7 :   D:8 *   D:10 (   Orc:2 *!:!

Portals:
Trove: D:10 (give 5 scrolls of fear)

Annotations:
D:9 exclusion: oklob plant
Spider:1 Asterion


Innate Abilities, Weirdness & Mutations

You are immune to sickness and miasma.
Your stone body is resilient. (AC +13)
You are immune to poison.
Your large and strong wings let you fly.
You are frail. (-10% HP)
You resist negative energy. (rN+)
You are resistant to electric shocks. (rElec)
You are resistant to unholy torment.
You are immune to petrification.
You cannot be stealthy.
You are hated by all.
You cannot train Dodging skill.
You have somewhat slow reflexes. (EV -5)
Your body sometimes deteriorates upon taking damage.


Message History

You barely miss Asterion.
Asterion is lightly wounded.
You slash the balrug!
Asterion begins to pray, but is stunned by your conviction!
The balrug completely misses you.
Asterion hits you with a +2 vorpal broad axe!!
* * * LOW HITPOINT WARNING * * *
x2 You focus your inner power and illuminate Asterion in retribution!
Asterion gores you.
* * * LOW HITPOINT WARNING * * *
You hit Asterion. You drain Asterion.
Asterion is lightly wounded.
You slash the balrug!
The balrug begins to attack, but is stunned by your conviction!
Asterion bellows, "My home has fourteen doors!"
Asterion hits you with a +2 vorpal broad axe!
* * * LOW HITPOINT WARNING * * *
x2 Asterion gores you but does no damage.
You are too berserk!
You slice Asterion!! You drain Asterion.
Asterion is moderately wounded.
You closely miss the balrug. You block Asterion's attack.
Asterion completely misses you. You block the balrug's attack.
Okay, then.
You slash Asterion! You drain Asterion.
Asterion is heavily wounded.
You slash the balrug! Asterion hits you but does no damage.
You block Asterion's attack. The balrug hits you but does no damage.
You catch the helpless Asterion completely off-guard!
You slash Asterion!
Asterion is heavily wounded.
You barely miss the balrug. You block Asterion's attack.
Asterion gores you but does no damage.
You redirect the balrug's attack!
The balrug hits itself with a +2 demon whip of electrocution!
Asterion blocks your attack.
Asterion is heavily wounded.
You slash the balrug!
Asterion is no longer blind.
Asterion hits you with a +2 vorpal broad axe!
You die...

.........####...(.###.##.##
...........###......#..###
#...#.......##......#...^#
....#......#)##..........#
....###.......##........##
####
.....###..........#.....#
##...
#....####.............###
##....
......##....[...^H....#
#.....
......##.......2@#...##
##....
.....###.......>###.##
#######.. .....# ##....####
### ##.....##. #....#
##..## #......... #..###
#### ##......... ####
##.^........ ..#
#........##. <.#
#........### .## #......###
#


You could see Asterion (fast, drained, corona) and a balrug (summoned).

Vanquished Creatures
  Bai Suzhen (Swamp:2)
  Jorgrun (D:13)
  Agnes (D:14)
  A storm dragon (D:14)
  Roxanne (Spider:1)
  A deep elf sorcerer (Elf:1)
  2 orc warlords
  2 frost giants
  A caustic shrike skeleton (D:15)
  Nessos (D:15)
  Azrael (D:15)
  5 bunyips
  6 eleionomae
  2 ettins
  Josephine (D:15)
  Harold (D:9)
  An ice dragon (D:13)
  2 boulder beetles
  A shambling mangrove (Swamp:3)
  7 hydras
  A spriggan air mage (Swamp:3)
  4 ogre magi (Orc:2)
  3 ghost crabs
  Erica (Lair:1)
  7 centaur warriors
  2 death knights
  2 catoblepae
  A merfolk avatar (Lair:6)
  8 alligators
  5 dancing weapons (Elf:1)
  2 tengu warriors (D:13)
  9 two-headed ogres
  2 death yaks (IceCv)
  A vampire mage (D:15)
  Sonja (D:13)
  Urug (Lair:1)
  A sixfirhy (D:11)
  4 deep elf knights (Elf:1)
  6 skeletal warriors
  9 goliath frogs
  5 spriggan druids
  A deep troll (D:13)
  A sea snake (Lair:5)
  8 swamp dragons
  5 bog bodies
  2 storm dragon skeletons (D:14)
  A phantasmal warrior (D:14)
  2 lindwurms
  A wizard (D:15)
  2 harpies (Lair:6)
  2 deep elf archers (Elf:1)
  11 deep elf pyromancers
  5 orb spiders
  4 necromancers
  4 orc knights
  A tengu skeleton (D:15)
  An orc sorcerer (Orc:2)
  8 deep elf zephyrmancers (Elf:1)
  3 oklob plants
  3 moths of wrath
  14 wolf spiders
  9 ugly things
  5 cyclopes
  3 manticores
  An elephant (shapeshifter) (D:14)
  5 black mambas
  13 elephants
  A black mamba (shapeshifter) (D:13)
  A will-o-the-wisp (Swamp:1)
  An ice statue (IceCv)
  4 torpor snails
  2 gargoyles
  16 cane toads
  A spriggan zombie (D:15)
  5 demonic crawlers
  9 komodo dragons
  5 rime drakes
  A freezing wraith (D:15)
  A kobold demonologist (D:10)
  A tengu conjurer (D:14)
  17 jumping spiders
  2 wind drakes
  14 polar bears
  16 hornets
  5 trolls
  A guardian mummy (D:15)
  A queen bee (shapeshifter) (D:15)
  Grinder (D:5)
  7 tyrant leeches
  22 blink frogs
  7 slime creatures
  2 snapping turtles (Lair:6)
  4 dream sheep
  20 tarantellas
  Sigmund (D:2)
  A shadow (D:12)
  28 redbacks
  A centaur simulacrum (D:14)
  12 wraiths
  16 spriggans
  70 yaks
  2 fire bats (Swamp:4)
  6 wyverns
  2 basilisks
  3 water elementals (D:14)
  19 vampire mosquitoes
  4 steam dragons
  3 fire elementals (D:15)
  3 wargs (D:10)
  14 swamp worms
  An acid dragon (D:10)
  5 hell hounds (D:15)
  16 water moccasins
  34 orc warriors
  9 swamp drakes
  5 black bears (Lair:1)
  2 ice beasts (D:3)
  2 sky beasts
  25 ogres
  2 necrophages
  20 wolves
  19 centaurs
  2 phantoms (D:5)
  3 kobold brigands (D:7)
  A gnoll sergeant (D:8)
  14 bullfrogs
  2 scorpions
  An earth elemental (Elf:1)
  A hornet simulacrum (D:14)
  2 water moccasin skeletons (D:5)
  9 killer bees
  2 howler monkeys
  3 wights (D:8)
  3 electric eels
  2 centaur zombies
  5 hounds
  2 jellies
  23 orc priests
  Ijyb (D:3)
  A gnoll shaman (D:6)
  Jessica (D:2)
  2 bullfrog skeletons
  An iguana (D:6)
  29 orc wizards
  A polar bear simulacrum (D:9)
  3 killer bee zombies (D:8)
  A hound skeleton (D:5)
  A howler monkey skeleton (D:5)
  21 gnolls
  4 adders
  3 worms
  2 dart slugs
  102 orcs
  8 ball pythons
  3 bat zombies (D:6)
  9 endoplasms
  2 giant cockroaches
  8 goblins
  14 hobgoblins
  7 jackals
  28 kobolds
  4 quokkas
  3 bats
  3 frilled lizards
  11 rats
  A river rat simulacrum (D:9)
1070 creatures vanquished.

Vanquished Creatures (collateral kills)
  Gastronok (D:11)
  A two-headed ogre (D:11)
2 creatures vanquished.

Vanquished Creatures (others)
  A juggernaut zombie (D:15)
  A hydra (Swamp:4)
  A death knight (D:15)
  A two-headed ogre (Orc:2)
  A swamp dragon (Swamp:4)
  A lindwurm (Swamp:4)
  A cane toad (Lair:3)
  A komodo dragon (Lair:5)
  A bloated husk (Swamp:4)
  A polar bear (IceCv)
  A blink frog (Lair:4)
  A tarantella (Spider:1)
  4 yaks
  A steam dragon (Swamp:4)
  A swamp drake (Swamp:4)
  An orc warrior (D:10)
  An ogre (Orc:2)
  A centaur (D:14)
  A gnoll (Bailey)
  2 orcs
  A goblin (D:12)
  A quokka (D:5)
  2 bushes
  4 foxfires (Swamp:1)
  30 fungi
  62 plants
  6 withered plants (D:15)
130 creatures vanquished.

Grand Total: 1202 creatures vanquished

Notes
Turn   | Place    | Note
-------+----------+-------------------------------------------
     0 | D:1      | hilljack the Gargoyle Earth Elementalist began the quest
                  | for the Orb.
     0 | D:1      | Reached XP level 1. HP: 10/10 MP: 3/3
   122 | D:1      | Reached skill level 1 in Maces & Flails
   334 | D:1      | Reached XP level 2. HP: 15/15 MP: 5/5
   585 | D:1      | Found a faded altar of an unknown god.
   731 | D:1      | Reached XP level 3. HP: 13/19 MP: 0/6
  1464 | D:2      | Noticed Sigmund
  2335 | D:2      | Learned a level 2 spell: Passwall
  2339 | D:2      | Learned a level 3 spell: Stone Arrow
  2374 | D:1      | Reached XP level 4. HP: 23/24 MP: 7/7
  2464 | D:3      | Noticed an ice beast
  3076 | D:2      | Noticed Jessica
  3392 | D:3      | Killed an ice beast
  3393 | D:3      | Reached skill level 1 in Conjurations
  3393 | D:3      | Reached XP level 5. HP: 14/28 MP: 1/8
  3675 | D:3      | Noticed Ijyb
  3733 | D:3      | Killed Ijyb
  3828 | D:3      | Found a sparkling altar of Nemelex Xobeh.
  3890 | D:3      | Noticed an ice beast
  3913 | D:3      | Killed an ice beast
  3914 | D:3      | Reached XP level 6. HP: 14/32 MP: 2/10
  4408 | D:4      | Reached skill level 5 in Earth Magic
  4899 | D:4      | Found a sacrificial altar of Ru.
  5026 | D:4      | Noticed a necrophage
  5036 | D:4      | Killed a necrophage
  5037 | D:4      | Reached skill level 1 in Fighting
  5037 | D:4      | Reached XP level 7. HP: 38/38 MP: 10/12
  5056 | D:4      | Became a worshipper of Ru the Awakened
  5100 | D:4      | Identified the +7 flail "Keocewk" {freeze, rN+}
  5201 | D:5      | Entered Level 5 of the Dungeon
  5240 | D:5      | Noticed Grinder
  5247 | D:5      | Killed Grinder
  5369 | D:5      | Found a hazy altar of Hepliaklqana.
  5399 | D:5      | Reached XP level 8. HP: 28/46 MP: 11/14
  5528 | D:5      | Found a white marble altar of Elyvilon.
  5858 | D:5      | Reached skill level 5 in Maces & Flails
  5922 | D:5      | Reached skill level 5 in Conjurations
  6429 | D:5      | Reached skill level 5 in Spellcasting
  6645 | D:5      | Reached skill level 5 in Fighting
  6727 | D:6      | Reached skill level 1 in Transmutations
  6766 | D:6      | Found Paiptak's Assorted Antiques.
  6894 | D:6      | Bought a scroll labelled QYDGHE CUEMETS for 28 gold pieces
  6894 | D:6      | Bought a dark potion for 25 gold pieces
  6894 | D:6      | Bought a scroll labelled NUINYLEPOJ for 28 gold pieces
  7249 | D:6      | Found a shimmering altar of Xom.
  7322 | D:6      | Found Fadi's Distillery.
  7331 | D:6      | Found a staircase to the Ecumenical Temple.
  7337 | D:6      | Bought 2 potions of might for 112 gold pieces
  7383 | D:6      | Reached XP level 9. HP: 38/54 MP: 11/16
  7494 | D:5      | Gained mutation: You cannot train Dodging skill. [Ru
                  | sacrifice]
  7494 | D:5      | Reached * piety under Ru
  8184 | D:6      | Found an ancient bone altar of Kikubaaqudgha.
  8385 | D:2      | Killed Jessica
  8432 | D:2      | Identified a scroll of acquirement
  8432 | D:2      | Acquired 678 gold pieces
  8610 | D:2      | Killed Sigmund
  8812 | Temple   | Entered the Ecumenical Temple
  9002 | D:6      | Bought a potion of mutation for 112 gold pieces
  9159 | D:7      | Found a radiant altar of Vehumet.
  9213 | D:7      | Found a burning altar of Makhleb.
  9516 | D:7      | Found Aruphayw's Book Shop.
  9537 | D:7      | Found a shimmering blue altar of Sif Muna.
  9729 | D:7      | Found a shadowy altar of Dithmenos.
  9932 | D:7      | Found a hide-covered altar of Uskayaw.
 10246 | D:7      | Reached skill level 5 in Transmutations
 10255 | D:7      | Reached skill level 1 in Armour
 10721 | D:8      | Noticed a catoblepas
 11720 | D:8      | Reached skill level 5 in Armour
 11843 | D:8      | Reached skill level 1 in Shields
 12208 | D:8      | Found Enex's Assorted Antiques.
 12428 | D:8      | Gained mutation: You are frail. (-10% HP) [Ru sacrifice]
 12428 | D:8      | Reached ** piety under Ru
 12428 | D:8      | Reached *** piety under Ru
 12548 | D:9      | Reached XP level 10. HP: 43/53 MP: 12/17
 12661 | D:9      | HP: 2/53 [wraith (7)]
 12665 | D:9      | Reached skill level 5 in Shields
 12923 | D:9      | Noticed a necromancer
 12947 | D:9      | Killed a necromancer
 13553 | D:9      | Noticed Harold
 14109 | D:9      | Killed Harold
 14676 | D:9      | Found a bloodstained altar of Trog.
 14861 | D:9      | Found a blossoming altar of Fedhas.
 14877 | D:9      | Noticed an oklob plant
 15058 | D:10     | Entered Level 10 of the Dungeon
 15183 | D:10     | Found Hebes's Weapon Shop.
 15434 | D:10     | Found a staircase to the Lair.
 15505 | D:10     | Found a portal to a secret trove of treasure.
 15661 | D:10     | Noticed a kobold demonologist
 15669 | D:10     | Killed a kobold demonologist
 15734 | D:10     | Reached XP level 11. HP: 56/56 MP: 10/20
 15750 | D:10     | Learned a level 4 spell: Petrify
 16132 | D:11     | Noticed a two-headed ogre
 16140 | D:11     | Killed a two-headed ogre
 16177 | D:11     | Noticed a two-headed ogre
 17048 | D:10     | Found a staircase to the Orcish Mines.
 17242 | D:11     | Noticed a seven-headed hydra
 17250 | D:11     | Killed a seven-headed hydra
 17347 | D:11     | Noticed Gastronok
 17376 | D:11     | Killed Gastronok
 17381 | D:11     | Killed a two-headed ogre
 17438 | D:11     | Gained mutation: You are hated by all. [Ru sacrifice]
 17438 | D:11     | Reached **** piety under Ru
 17438 | D:11     | Reached ***** piety under Ru
 17452 | D:11     | Noticed a catoblepas
 17464 | D:11     | Killed a catoblepas
 18314 | D:11     | Found a runed translucent door.
 18315 | D:11     | Noticed a sixfirhy
 18499 | Lair:1   | Entered Level 1 of the Lair of Beasts
 18945 | Lair:1   | Noticed Urug
 18954 | Lair:1   | Killed Urug
 18955 | Lair:1   | Reached XP level 12. HP: 34/61 MP: 23/23
 19883 | Lair:1   | Noticed Erica
 19907 | Lair:1   | Killed Erica
 20171 | Lair:1   | Reached skill level 10 in Shields
 21131 | Lair:2   | Noticed a catoblepas
 21139 | Lair:2   | Killed a catoblepas
 21140 | Lair:2   | Reached skill level 10 in Earth Magic
 21278 | Lair:2   | Gained mutation: You cannot be stealthy. [Ru sacrifice]
 21355 | Lair:2   | Found a broken altar of Ashenzari.
 21374 | Lair:2   | Noticed an eight-headed hydra
 21380 | Lair:2   | Killed an eight-headed hydra
 21485 | Lair:2   | Identified the +3 trident of Equivalence {elec, Int+3}
 21648 | Lair:2   | Learned a level 4 spell: Leda's Liquefaction
 21956 | Lair:3   | Found a frozen archway.
 21956 | Lair:3   | Noticed a five-headed hydra
 21961 | Lair:3   | Killed a five-headed hydra
 21962 | Lair:3   | Reached skill level 10 in Conjurations
 21973 | Lair:3   | Acquired 613 gold pieces
 22035 | IceCv    | Entered an ice cave
 22107 | IceCv    | Reached XP level 13. HP: 56/64 MP: 25/25
 23058 | IceCv    | Identified the +7 ice dragon scales "Mapne" {rF- rC++
                  | Regen+ MP-9 Dex+8 Stlth+}
 23081 | IceCv    | Noticed a frost giant
 23093 | IceCv    | Killed a frost giant
 23933 | Lair:3   | Found a staircase to the Swamp.
 24796 | Lair:3   | Gained mutation: You have somewhat slow reflexes. (EV -5)
                  | [Ru sacrifice]
 24796 | Lair:3   | Reached ****** piety under Ru
 24811 | Lair:3   | Found a hole to the Spider Nest.
 25403 | Lair:4   | Reached skill level 10 in Spellcasting
 25790 | Lair:4   | Identified the +5 ring mail of the Demon Prince {SInv}
 26303 | Lair:4   | Gained mutation: Your large and strong wings let you fly.
                  | [Gargoyle growth]
 26303 | Lair:4   | Reached XP level 14. HP: 51/67 MP: 28/28
 27551 | Lair:5   | Found a staircase to the Slime Pits.
 28299 | Lair:5   | Learned a level 5 spell: Lee's Rapid Deconstruction
 29251 | Lair:6   | Entered Level 6 of the Lair of Beasts
 33207 | Lair:6   | Identified the +6 trident "Jiete" {flame, Dex+4}
 33281 | Lair:6   | Reached XP level 15. HP: 58/73 MP: 13/31
 33832 | Lair:6   | Found a snail-covered altar of Cheibriados.
 34316 | Orc:1    | Entered Level 1 of the Orcish Mines
 34699 | Orc:1    | Reached skill level 15 in Shields
 35477 | Orc:1    | Noticed an orc warlord
 35628 | D:10     | Killed an orc warlord
 36444 | Orc:2    | Entered Level 2 of the Orcish Mines
 36461 | Orc:2    | Noticed an orc warlord
 37359 | Orc:2    | Killed an orc warlord
 37992 | Orc:2    | Paralysed by an ogre mage for 3 turns
 38378 | Orc:2    | Found Uqanlar's Book Shoppe.
 38378 | Orc:2    | Found Umebb's Assorted Antiques.
 38379 | Orc:2    | Found Huomp's Distillery.
 38379 | Orc:2    | Found Bouvolas's Distillery.
 38397 | Orc:2    | Bought a scroll of identify for 42 gold pieces
 38535 | Orc:2    | Found a burning altar of Makhleb.
 38618 | Orc:2    | Paralysed by an ogre mage for 5 turns
 38835 | Orc:2    | Found a staircase to the Elven Halls.
 39394 | Orc:2    | Bought a manual of Translocations for 1120 gold pieces
 39394 | Orc:2    | Bought a book of the Warp for 448 gold pieces
 39394 | Orc:2    | Bought the Unrestrained Analects for 616 gold pieces
 39600 | D:12     | Found a flagged portal.
 39642 | D:12     | Reached skill level 1 in Translocations
 39775 | Bailey   | Entered a bailey
 40379 | D:12     | Reached skill level 2 in Translocations
 40739 | D:12     | Reached skill level 3 in Translocations
 41469 | D:13     | Reached skill level 4 in Translocations
 41567 | D:13     | Reached skill level 5 in Translocations
 42170 | D:13     | Reached skill level 6 in Translocations
 42500 | D:13     | Reached skill level 7 in Translocations
 42652 | D:13     | Noticed Sonja
 42666 | D:13     | Killed Sonja
 42667 | D:13     | Reached XP level 16. HP: 52/82 MP: 3/32
 42887 | D:13     | Reached skill level 8 in Translocations
 43311 | D:13     | Acquired the ring of Coylaugg {rC+ MP+9}
 43490 | D:13     | Reached skill level 9 in Translocations
 43538 | D:13     | Noticed Jorgrun
 43550 | D:13     | Killed Jorgrun
 43772 | D:13     | Found a gate to the Vaults.
 43959 | D:14     | Reached skill level 10 in Translocations
 44336 | D:14     | Found a hide-covered altar of Uskayaw.
 44765 | D:14     | Reached skill level 11 in Translocations
 44823 | D:14     | Noticed a storm dragon
 45952 | D:14     | Identified the +7 rapier "Riomabb" {vamp, rF- rCorr Stlth+}
 45976 | D:14     | Reached skill level 12 in Translocations
 46143 | D:14     | Learned a level 8 spell: Disjunction
 46209 | D:14     | Killed a storm dragon
 46352 | D:15     | Entered Level 15 of the Dungeon
 46402 | D:15     | Noticed Agnes
 46577 | D:14     | Killed Agnes
 47016 | D:15     | Noticed Nessos
 47234 | D:15     | Reached skill level 13 in Translocations
 47494 | D:15     | Killed Nessos
 47917 | D:15     | Found a staircase to the Depths.
 48420 | D:15     | Noticed Azrael
 48429 | D:15     | Killed Azrael
 48803 | D:15     | Identified the +1 buckler "Plog" {Slay+2}
 49146 | D:15     | Noticed Josephine
 49155 | D:15     | Killed Josephine
 49340 | D:15     | Upgraded the game from 0.27-a0-1591-gc56fcc985a to
                  | 0.27-a0-1595-g0b823d0a13
 49704 | D:14     | Reached skill level 14 in Translocations
 50100 | D:13     | Learned a level 5 spell: Bolt of Magma
 50480 | Spider:1 | Entered Level 1 of the Spider Nest
 51085 | Lair:3   | Reached XP level 17. HP: 46/86 MP: 33/33
 52179 | Spider:1 | Noticed Roxanne
 52185 | Spider:1 | Killed Roxanne
 53297 | Spider:1 | Reached skill level 15 in Translocations
 53845 | Elf:1    | Entered Level 1 of the Elven Halls
 54938 | Elf:1    | Learned a level 5 spell: Manifold Assault
 55666 | Elf:1    | Found a shimmering blue altar of Sif Muna.
 56697 | Swamp:1  | Entered Level 1 of the Swamp
 60092 | Swamp:1  | Reached XP level 18. HP: 67/95 MP: 14/34
 61437 | Swamp:2  | Reached skill level 10 in Armour
 61641 | Swamp:2  | Reached skill level 10 in Fighting
 61949 | Swamp:3  | Learned a level 2 spell: Blink
 62115 | Swamp:3  | Noticed Bai Suzhen
 62730 | Swamp:2  | Upgraded the game from 0.27-a0-1595-g0b823d0a13 to
                  | 0.27-a0-1612-gde56a17b89
 62930 | Swamp:2  | Killed Bai Suzhen
 64354 | Swamp:4  | Entered Level 4 of the Swamp
 66360 | Swamp:4  | Identified the +8 ring mail "Jofiaqojee" {Int+2}
 67047 | Spider:2 | Reached skill level 16 in Translocations
 68317 | Spider:2 | Reached skill level 10 in Maces & Flails
 68483 | Spider:2 | Identified the +5 war axe of Yriocril {drain, rC+ rN+
                  | Str+4}
 68642 | Spider:2 | Noticed Asterion
 68654 | Spider:2 | HP: 1/99 [wolf spider (7)]
 68655 | Spider:2 | Gained mutation: Your body sometimes deteriorates upon
                  | taking damage. [a cacodemon]
 68715 | Spider:1 | HP: 7/141 [Asterion (2)]
 68719 | Spider:1 | Slain by Asterion

Illustrated notes

Levels and vault maps discovered:
D:1:      dpeg_arrival_connections, layout_basic,
          chequers_ecumenical_altar_simple_redux, serial_park_tiny_2,
          feat_on_display
D:2:      layout_rooms, hangedman_decor_clover_reticule, minmay_cut_off,
          uniq_jessica, uniq_sigmund
D:3:      layout_loops_ring, nemelex_xobeh_ov_fountains_minmay, serial_glass,
          glass_columns_a, glass_columns_c, skrybe_limestone_x, uniq_ijyb
D:4:      layout_basic, mainiacjoe_overflow_surrounded_room
D:5:      layout_rooms, kennysheep_mini_moat, elyvilon_altar_4,
          minmay_misc_feat_cross, uniq_grinder
D:6:      layout_basic, lemuel_zombie_altar_kikubaaqudgha,
          mainiacjoe_overflow_boulevard, minmay_temple_entry_butterflies,
          serial_shops, nicolae_shop_trees, nicolae_inconvenience_store
D:7:      layout_basic, nicolae_dithmenos_the_darkroom,
          mainiacjoe_overflow_chevrons, mainiacjoe_overflow_catch_the_wave,
          mainiacjoe_overflow_six_doors_small, serial_shops, shop
D:8:      layout_loops_ring, serial_shops, shop, chequers_serial_rivers_room_b,
          minivault_21, minmay_misc_feat_room, kennysheep_cross_bottleneck
D:9:      layout_rooms, nicolae_overflow_hidden_temple, tgw_fedhas,
          supply_closet_lemuel, eino_house_with_fridge, uniq_harold
D:10:     layout_loops_ring, lair_entry_dummy, hiddenorc2_lemuel, serial_shops,
          nicolae_stop_n_shop_2, nicolae_trove_entry_crystal
D:11:     cheibrodos_shockbox, layout_basic, minmay_misc_feat_rows,
          uniq_gastronok
D:12:     layout_roguey, enter_bailey_5
D:13:     kennysheep_blocky_room, layout_rooms, david_vaults_4, uniq_jorgrun,
          uniq_sonja
D:14:     cross_vault, layout_stronghold, nicolae_uskayaw_en_pointe,
          kennysheep_generic_room_15
D:15:     gammafunk_depths_entry_grave, layout_long_grid,
          corexii_hall_statues_u, minivault_19, uniq_azrael, uniq_agnes,
          uniq_josephine, uniq_nessos
Temple:   compressed_dpeg_triangle_lava_temple
Lair:1:   layout_loops_ring, beast_lair_carwin_4, uniq_urug, uniq_erica
Lair:2:   layout_chaotic_city, basic_altar
Lair:3:   layout_roguey, swamp_mist_pool, spider_nest_entry_funnel_web,
          portal_ice_cave_entry_pillars_2, lemuel_fruit_fields
Lair:4:   layout_cave_pods
Lair:5:   layout_cave_pods, slime_altar_1, st_stairs_5,
          nicolae_quartered_pool_little, minmay_lair_oklob_chamber,
          serial_bayou_shore_b
Lair:6:   gammafunk_lair_ancient_temple, layout_hall_layers,
          kennysheep_snail_temple, infiniplex_staircase_pool_2
Swamp:1:  layout_basic_swamp, nicolae_swamp_decorative_isthmus,
          infiniplex_staircase_pool
Swamp:2:  layout_basic_swamp, hangedman_swamp_lotus, swamp_pool3
Swamp:3:  nicolae_swamp_ascending_descending, layout_basic_swamp,
          evilmike_swamp_ruin_house_5, swamp_pool5, uniq_bai_suzhen
Swamp:4:  swamp_fiery, layout_basic_swamp, uniq_nikola
Spider:1: layout_spider_delve, uniq_roxanne
Spider:2: layout_spider_delve, hangedman_spider_tarantella_strand, uniq_asterion
Orc:1:    layout_diamond_mine
Orc:2:    st_orc_ogre_mass, layout_caves, lemuel_statue_altar
Elf:1:    eino_elf_arrival_customs, layout_onion_city, basic_altar,
          hangedman_elven_crosses_minicolossus, eino_tiny_chamber

Skill      XL: |  1  2  3  4  5  6  7  8  9 10 11 12 13 14 15 16 17 18 |
---------------+-------------------------------------------------------+-----
Maces & Flails | 1 2 3 4 5 7 8 10 | 10.0
Conjurations   | 1 2 3 4 5 6 8 10 11 12 | 12.0
Earth Magic    | 4 5 6 9 10 12 | 12.0
Spellcasting   | 3 4 5 6 7 8 10 12 | 12.0
Fighting       | 1 3 5 7 9 11 | 11.1
Transmutations | 2 5 |  5.0
Dodging        | 2 0 |  0.0
Armour         | 5 7 9 11 | 11.1
Shields        | 3 7 9 10 12 14 15 | 15.0
Stealth        | 0 |  0.0
Translocations | 7 14 15 16 | 16.0

Action                   |  1- 3 |  4- 6 |  7- 9 | 10-12 | 13-15 | 16-18 || total
-------------------------+-------+-------+-------+-------+-------+-------++-------
Melee: Whip              |    72 |    97 |   265 |   405 |  1094 |   469 ||  2402
       Unarmed           |       |     5 |       |       |       |       ||     5
       Mace              |       |       |    11 |    27 |       |       ||    38
       War axe           |       |       |       |       |       |    29 ||    29
 Cast: Sandblast         |    40 |    37 |    61 |   163 |     9 |     7 ||   317
       Passwall          |       |     4 |     2 |     8 |     5 |    19 ||    38
       Stone Arrow       |       |       |    95 |    59 |   557 |   569 ||  1280
       Petrify           |       |       |       |     3 |       |     3 ||     6
       Lee's Rapid Decon |       |       |       |       |    34 |    79 ||   113
       Bolt of Magma     |       |       |       |       |       |   273 ||   273
       Manifold Assault  |       |       |       |       |       |    20 ||    20
Invok: Sacrifice Health  |       |       |     1 |       |     1 |       ||     2
       Sacrifice Nimblen |       |       |     1 |       |       |       ||     1
       Draw Out Power    |       |       |       |     2 |     2 |     9 ||    13
       Sacrifice Love    |       |       |       |     1 |       |       ||     1
       Apocalypse        |       |       |       |     1 |     6 |     1 ||     8
       Sacrifice Stealth |       |       |       |     1 |       |       ||     1
Evoke: Wand              |       |       |       |    31 |       |       ||    31
       Condenser vane    |       |       |       |       |       |     1 ||     1
  Use: Scroll            |     3 |     5 |     6 |    11 |    10 |     5 ||    40
       Potion            |       |     3 |     3 |     5 |     3 |     8 ||    22
 Stab: Sleeping          |     2 |     2 |       |       |       |       ||     4
       Distracted        |       |       |     1 |     1 |     2 |       ||     4
       Invisible         |       |       |       |     1 |     5 |     5 ||    11
       Petrifying        |       |       |       |     1 |       |       ||     1
       Paralysed         |       |       |       |       |    21 |     9 ||    30
       Petrified         |       |       |       |       |       |    12 ||    12
       Confused          |       |       |       |       |       |     1 ||     1
Armor: Robe              |    26 |    39 |    59 |       |       |       ||   124
       Leather armour    |       |       |    74 |   204 |   255 |       ||   533
       Skin              |       |       |    16 |     1 |     3 |       ||    20
       Ring mail         |       |       |       |       |   414 |   931 ||  1345
Dodge: Dodged            |    67 |    66 |   165 |   153 |   252 |   235 ||   938
Block: Kite shield       |       |       |       |   218 |   741 |   143 ||  1102
       Buckler           |       |       |       |       |       |   350 ||   350

Table legend: (Time is in decaauts)
 A = Elapsed time spent in this place.
 B = Non-inter-level travel time spent in this place.
 C = Inter-level travel time spent in this place.
 D = Time resting spent in this place.
 E = Time spent auto-exploring this place.
 F = Levels seen in this place.
 G = Mean time per level.
                   A        B        C        D        E       F      G
               +--------+--------+--------+--------+--------+-----+--------+
         Total |  68684 |  64542 |   4142 |  33647 |  20644 |  33 | 2081.3 |
       Dungeon |  30782 |  28436 |   2346 |  13569 |  10536 |  15 | 2052.1 |
        Temple |    184 |    169 |     15 |      0 |    169 |   1 |  184.0 |
          Lair |  16986 |  16073 |    913 |   8774 |   5184 |   6 | 2831.0 |
         Swamp |   8542 |   8226 |    316 |   5805 |   1340 |   4 | 2135.5 |
   Spider Nest |   3564 |   3434 |    130 |   1758 |    938 |   2 | 1782.0 |
  Orcish Mines |   3895 |   3549 |    346 |   1719 |   1071 |   2 | 1947.5 |
   Elven Halls |   2657 |   2584 |     73 |   1238 |    820 |   1 | 2657.0 |
        Bailey |    443 |    443 |      0 |      0 |    275 |   1 |  443.0 |
      Ice Cave |   1625 |   1625 |      0 |    783 |    311 |   1 | 1625.0 |
               +--------+--------+--------+--------+--------+-----+--------+

Top non-repeatable levels by time:
  Lair:3: 5085 daAuts
  Lair:5: 4063 daAuts
    D:10: 4016 daAuts
    D:14: 3564 daAuts
    D:13: 3389 daAuts
 Swamp:2: 3066 daAuts
 Swamp:3: 2801 daAuts
     D:8: 2775 daAuts
Spider:1: 2715 daAuts
     D:1: 2687 daAuts
   Elf:1: 2657 daAuts
 Swamp:1: 2313 daAuts
  Lair:6: 2275 daAuts
   Orc:2: 2199 daAuts
  Lair:1: 2145 daAuts
